 Dungeon Crawl Stone Soup version 0.22-a0-456-g11ed031 (webtiles) character file.

81 DrEnzyme the Skirmisher (level 4, -2/34 HPs)
             Began as an Octopode Wanderer on June 6, 2018.
             Slain by a worker ant (5 damage)
             ... on level 3 of the Dungeon.
             The game lasted 00:06:20 (1946 turns).

DrEnzyme the Skirmisher (Octopode Wanderer)         Turns: 1946, Time: 00:06:21

Health: -2/34      AC:  3    Str: 16    XL:     4   Next: 40%
Magic:  4/4        EV: 17    Int: 12    God:
Gold:   131        SH:  0    Dex: 16    Spells: 3/3 levels left

rFire    . . .     SeeInvis .   b - +2 shortbow
rCold    . . .     Gourm    .   (shield currently unavailable)
rNeg     . . .     Faith    .   (helmet restricted)
rPois    .         Spirit   .   (no amulet)
rElec    .         Reflect  .   (no ring)
rCorr    .         Harm     .   (no ring)
MR       .....                  (no ring)
Stlth    ++++......             (no ring)
HPRegen  0.11/turn              (no ring)
MPRegen  0.09/turn              (no ring)
                                (no ring)
                                (no ring)

@: agile, lethally poisoned (-2 -> -14)
A: almost no armour, stealthy swim, amphibious, 8 rings, constrict 8, slimy
green scales 1, camouflage 1, strong 1, gelatinous body 1
a: no special abilities


You were on level 3 of the Dungeon.
You were not hungry.

You visited 1 branch of the dungeon, and saw 3 of its levels.

You collected 131 gold pieces.

Inventory:

Hand Weapons
 a - a +0 dagger
 b - a +2 shortbow (weapon)
 c - a +0 blowgun
 e - a +0 mace
Missiles
 d - 21 poisoned needles
 h - 55 arrows (quivered)
Scrolls
 g - 2 scrolls of enchant armour {unknown}
 j - 2 scrolls of enchant weapon {unknown}
 k - a scroll of fog
 m - a scroll of amnesia {unknown}
 o - 4 scrolls of remove curse {unknown}
 q - 2 scrolls of teleportation {unknown}
Potions
 p - a potion of heal wounds {unknown}
Comestibles
 f - 6 rations


   Skills:
 + Level 4.5 Fighting
 + Level 1.3 Short Blades
 + Level 4.5 Bows
 - Level 1.0 Throwing
 + Level 2.8 Stealth
   Level 1.0 Shields


You had 3 spell levels left.
You didn't know any spells.
Your spell library was empty.

Dungeon Overview and Level Annotations

Branches:
Dungeon (3/15)

Altars:
Nemelex Xobeh
Vehumet
Wu Jian

Annotations:
D:2 Natasha


Innate Abilities, Weirdness & Mutations

You cannot wear most types of armour.
You are very stealthy in the water. (Stealth+)
You are amphibious.
You can wear up to eight rings at the same time.
You can use your tentacles to constrict eight enemies at once.
Your skin changes colour to match your surroundings (Stealth+).
Your rubbery body absorbs attacks. (AC +1, EV +1)
You are partially covered in slimy green scales. (AC +2)
Your muscles are strong. (Str +2)


Message History

The worker ant bites you but does no damage.
Firing (i - inventory)
h - 56 arrows (quivered)
Press: ? - help, Shift-Dir - straight line, f/p - worker ant
Aim: a worker ant (severely wounded)
You shoot an arrow.
The arrow closely misses the worker ant.
You feel sick. The worker ant bites you.
* * * LOW HITPOINT WARNING * * *
It was a potion of agility.
You feel agile all of a sudden. The worker ant barely misses you.
It was a potion of mutation.
You feel extremely strange.
Slimy green scales grow over part of your body.
You feel stronger.
* * * LOW HITPOINT WARNING * * *
You feel sick. The worker ant bites you.
* * * LOW HITPOINT WARNING * * *
You are more poisoned.
The worker ant poisons you! The worker ant bites you.
You die...

#.####.##.#.#)#
#......##.....#
###########.### .. #...#
#. #...# #( #...# ######
#( #...# #... .
#a#####...####.####
#.@..†.........##..
....(............#.....#
###..##.............##..
## ######...####.##..
#...# #..... .......
#####. #.#...#.# #.
#.#...#.# #. . ...# #.


You could see a worker ant.

Vanquished Creatures
  5 adders
  2 dart slugs
  3 leopard geckos
  An orc (D:3)
  5 bats
  A giant cockroach (D:1)
  2 hobgoblins (D:1)
  4 goblins
  3 kobolds
  6 rats
32 creatures vanquished.

Vanquished Creatures (others)
  A dart slug (D:2)
1 creature vanquished.

Grand Total: 33 creatures vanquished

Notes
Turn   | Place    | Note
-------+----------+-------------------------------------------
     0 | D:1      | DrEnzyme the Octopode Wanderer began the quest for the Orb.
     0 | D:1      | DrEnzyme set off with: a +2 shortbow, 23 arrows, a +0 mace, 7 poisoned needles, a +0 blowgun, a ration
     0 | D:1      | Reached XP level 1. HP: 17/17 MP: 1/1
    52 | D:1      | Reached skill level 1 in Stealth
    65 | D:1      | Reached XP level 2. HP: 19/22 MP: 2/2
   695 | D:2      | Found a sparkling altar of Nemelex Xobeh.
   737 | D:2      | Reached XP level 3. HP: 17/27 MP: 3/3
   987 | D:2      | Found a radiant altar of Vehumet.
  1112 | D:2      | Reached skill level 1 in Short Blades
  1332 | D:2      | Noticed Natasha
  1658 | D:3      | Reached XP level 4. HP: 26/34 MP: 4/4
  1687 | D:3      | Found an ornate altar of the Wu Jian Council.
  1946 | D:3      | Gained mutation: You are partially covered in slimy green scales. (AC +2) [potion of mutation]
  1946 | D:3      | Gained mutation: Your muscles are strong. (Str +2) [potion of mutation]
  1946 | D:3      | Slain by a worker ant

Vault maps used:
D:1:      lemuel_arrival_tunnels
D:2:      fiery_altar_vehumet, first_ration, nemelex_altar_shiori, uniq_natasha
D:3:      overflow_temple_1_default, uniq_sigmund

Skill      XL: |  1  2  3 |
---------------+----------+-----
Stealth        | 1 2 |  2.8
Short Blades   | 1 |  1.3
Fighting       | |  4.5
Bows           | |  4.5
Throwing       | |  1.0
Shields        | |  1.0

Action                   |  1- 3 |  4- 6 || total
-------------------------+-------+-------++-------
Melee: Dagger            |    34 |       ||    34
       Constrict         |    10 |       ||    10
       Tentacles         |     7 |       ||     7
 Fire: Shortbow          |    27 |    25 ||    52
       Blowgun           |    12 |       ||    12
  Use: Scroll            |     2 |       ||     2
       Potion            |     1 |     2 ||     3
  Eat: Chunk             |     1 |     2 ||     3
Armor: Skin              |     8 |     2 ||    10
Dodge: Dodged            |    28 |     7 ||    35

Table legend:
 A = Spawn XP
 B = Non-spawn XP
 C = Spawn XP percentage of total XP
 D = Spawn monster count
 E = Non-spawn monster count
 F = Spawn count percentage of total count
 G = Total turns spent on level
                    A         B        C        D         E        F      G
               +---------+---------+-------+---------+---------+-------+---------
         Total |       0 |     116 |   0.0 |       0 |      32 |   0.0 |  1946
               +---------+---------+-------+---------+---------+-------+---------
           D:1 |       0 |      22 |   0.0 |       0 |      12 |   0.0 |   584
           D:2 |       0 |      57 |   0.0 |       0 |      13 |   0.0 |  1063
           D:3 |       0 |      37 |   0.0 |       0 |       7 |   0.0 |   299
               +---------+---------+-------+---------+---------+-------+---------
